[Event "Marienbad B1-IM 2024"]
[Site "Marianske Lazne"]
[Date "2024.01.17"]
[Round "6.14"]
[White "Rasmussen, Casper"]
[Black "Lima, Stefan Moisei VIeira"]
[Result "1-0"]
[ECO "A06"]
[WhiteElo "2265"]
[BlackElo "2173"]
[Annotator "TA"]
[PlyCount "97"]
[EventDate "2024.01.10"]
[EventType "tourn"]
[EventCountry "CZE"]
[SourceTitle "playchess.com"]
[Source "ChessBase"]
[SourceQuality "1"]
[TimeControl "40/5400+30:1800+30"]

1. Nf3 d5 2. d4 e6 3. c4 a6 4. cxd5 exd5 5. Nc3 c6 6. h3 Bd6 7. Bg5 Ne7 8. e4 {[%emt 0:02:24] The position is equal.} dxe4 9. Nxe4 h6 10. Nxd6+ Qxd6 11. Bd2 O-O 12. Be2 Be6 13. O-O Nd7 14. a3 Nd5 {[%emt 0:02:07] Wards off Bb4} 15. Re1 Bf5 16. Bf1 Rfe8 17. Qb3 Be4 (17... Qc7 $11) 18. Ne5 $1 $16 (18. Qxb7 $6 Reb8 $11) 18... Nxe5 19. Rxe4 Ng6 20. Rxe8+ (20. Qxb7 $2 Reb8 $19) 20... Rxe8 21. Qxb7 Rb8 22. Qxa6 Rxb2 23. Bc1 (23. Be1 $16) 23... Rb8 $2 (23... Rxf2 $1 $11 {and Black has nothing to worry.} 24. Kxf2 Qf6+ 25. Kg1 (25. Kg3 Qd6+ 26. Kf2 Qf6+ 27. Kg1 Qxd4+ 28. Kh1 Qxa1 $16) (25. Ke2 Qxd4 26. Qa8+ Kh7 $11) 25... Qxd4+ 26. Kh1 Qxa1 27. Qxc6 Nc3 28. Qe8+ Nf8) 24. Qd3 Ngf4 25. Qe4 (25. Qc4 $18) 25... Ne6 26. Qe5 Qd8 27. Bc4 Ra8 28. Be3 Ra5 ({Black should play} 28... Qb6) 29. Bd2 {[%emt 0:04:15] This pair of bishops is nice.} Ra4 {[%emt 0:02:36] [#]} 30. Rb1 $1 {[%emt 0:00:01][%cal Ba1b1,Bb1b8,Bb8e8][%mdl 32] Hoping for Rb8.} Qf6 (30... Rxc4 $2 31. Rb8 $18) 31. Qxf6 (31. Bxd5 Qxe5 32. dxe5 cxd5 $16) 31... Nxf6 32. Rb8+ Kh7 33. Bxe6 fxe6 {[%emt 0:00:14][%mdl 4096] Endgame. KRB-KRN} 34. Bb4 Nd5 35. Bc5 Rc4 {[%emt 0:00:02][%cal Oe6e5] [#]} 36. Re8 $1 Nf4 37. Kh2 Rc2 38. Kg3 g5 (38... Nd3 $16 39. a4 (39. Rxe6 Nxc5 40. dxc5 Rc3+ 41. Re3 Rxc5 $16) 39... e5) 39. Kf3 $18 Nd3 (39... Rc4 $142 40. Ke4 Rc2) 40. Re7+ ({Don't take} 40. Rxe6 $6 Nxc5 41. dxc5 Rxc5 $16) 40... Kg8 41. Rxe6 Kh7 $2 (41... Nxc5 {was necessary.} 42. dxc5 Rxc5 43. Rxh6 Kg7) 42. Rxc6 Nxf2 (42... Kg7 $142 43. Ke3 (43. Bf8+ Kxf8 44. Rxc2 Ne1+ 45. Ke4 Nxc2 $16) 43... Nxc5 44. Rxc5 Rb2) 43. Rc7+ Kg6 44. Rc6+ (44. Bb6 $142 Rb2 45. Rc6+ Kf7 46. Rxh6) 44... Kh7 $1 45. a4 {[%emt 0:00:00][%cal Ba3a4,Ba4a5,Ba5a6,Ba6a7][%mdl 32] White is clearly winning.} Nd3 46. a5 Ra2 47. a6 Kg7 48. a7 Nxc5 49. Rc7+ {[%emt 0:00:00] Weighted Error Value: White=0.31/Black=0.28 (precise) .  Loses game:     	---       	Black=1      Mistake:       	White=2     	Black=6      Inaccurate:     	White=1     	Black=2      OK:         	White=18    	Black=13     Best:        	White=2     	Black=5      Strong:       	White=3     	Black=1} ({Less strong is} 49. Rxc5 Rxa7 50. Rc2 Kf6 $18) 1-0

[Event "Marienbad B1-IM 2024"]
[Site "Marianske Lazne"]
[Date "2024.01.17"]
[Round "6.15"]
[White "Ochedzan, Tymon"]
[Black "Ni, Viktorija"]
[Result "0-1"]
[ECO "B30"]
[WhiteElo "2166"]
[BlackElo "2138"]
[Annotator "NA RC"]
[PlyCount "108"]
[EventDate "2024.01.10"]
[EventType "tourn"]
[EventCountry "CZE"]
[SourceTitle "playchess.com"]
[Source "ChessBase"]
[SourceQuality "1"]
[TimeControl "40/5400+30:1800+30"]

1. e4 c5 2. Nf3 Nc6 3. Bb5 e6 4. O-O Nge7 5. Re1 a6 6. Bf1 Ng6 7. d4 cxd4 8. Nxd4 Qc7 9. Nxc6 dxc6 10. Be3 Bd6 11. g3 Be5 12. Nd2 b5 13. c4 O-O 14. Qc2 Rd8 15. Nb3 Bd6 16. f4 e5 17. f5 Nf8 18. Rac1 b4 19. Qf2 Nd7 20. c5 Be7 21. g4 a5 22. Nd2 Qa7 23. g5 Ba6 24. Red1 Bxf1 25. Nxf1 f6 26. h4 Nf8 27. Ng3 Rxd1+ 28. Rxd1 Rd8 29. Rxd8 Bxd8 30. gxf6 Bxf6 31. Nh5 Qf7 32. Nxf6+ Qxf6 33. Qg3 Nd7 34. Kg2 Qf7 35. b3 Qh5 36. Bf2 Qe2 37. Qe3 Qg4+ 38. Kh2 Nf6 39. Qd3 h6 40. Qg3 Qxe4 41. Kg1 Qxf5 42. Be1 Kf7 43. Qg2 Qe4 44. Qf1 Qg4+ 45. Kh1 Ke6 46. Qa6 Qe4+ 47. Kh2 Qxe1 48. Qxc6+ Kf5 49. Qf3+ Kg6 50. h5+ Kg5 51. c6 e4 52. Qh3 Ng4+ 53. Kg2 Qd2+ 54. Kg1 Qc1+ 0-1

[Event "Marienbad B1-IM 2024"]
[Site "Marianske Lazne"]
[Date "2024.01.18"]
[Round "7.11"]
[White "Ni, Viktorija"]
[Black "Jurek, Josef"]
[Result "1/2-1/2"]
[ECO "A40"]
[WhiteElo "2138"]
[BlackElo "2242"]
[Annotator "RC"]
[PlyCount "99"]
[EventDate "2024.01.10"]
[EventType "tourn"]
[EventCountry "CZE"]
[SourceTitle "playchess.com"]
[Source "ChessBase"]
[SourceQuality "1"]
[TimeControl "40/5400+30:1800+30"]

1. d4 e6 2. Nf3 c5 3. g3 cxd4 4. Nxd4 d5 5. Bg2 Nf6 6. O-O e5 7. Nb3 Be6 8. Nc3 Bb4 9. Bg5 Bxc3 10. bxc3 Nbd7 11. f4 Qb6+ 12. Kh1 Ne4 13. f5 Nxg5 14. fxe6 fxe6 15. Qd2 h6 16. c4 Ne4 17. Bxe4 dxe4 18. Rad1 O-O-O 19. c5 Qc6 20. Qa5 Nf6 21. Qxa7 Qa6 22. Qxa6 bxa6 23. Na5 Rd5 24. Rxd5 exd5 25. Rb1 Nd7 26. c6 Nc5 27. Nb7 Nxb7 28. Rxb7 Rf8 29. Re7 Rf2 30. Rxe5 Rxe2 31. Rxd5 Kc7 32. Rc5 e3 33. Kg1 Rd2 34. Kf1 Rxh2 35. Rc3 Rf2+ 36. Ke1 Rg2 37. Rxe3 Kxc6 38. Rc3+ Kd5 39. Kf1 Rh2 40. Kg1 Rd2 41. Rc7 Ke4 42. Rxg7 Rxc2 43. Rg6 Rxa2 44. Rxh6 Kf3 45. Rf6+ Kxg3 46. Kf1 a5 47. Ke1 a4 48. Kd1 a3 49. Kc1 Ra1+ 50. Kc2 1/2-1/2

[Event "Marienbad B1-IM 2024"]
[Site "Marianske Lazne"]
[Date "2024.01.18"]
[Round "7.12"]
[White "Lima, Stefan Moisei VIeira"]
[Black "Ochedzan, Tymon"]
[Result "1/2-1/2"]
[ECO "E10"]
[WhiteElo "2173"]
[BlackElo "2166"]
[Annotator "RC"]
[PlyCount "92"]
[EventDate "2024.01.10"]
[EventType "tourn"]
[EventCountry "CZE"]
[SourceTitle "playchess.com"]
[Source "ChessBase"]
[SourceQuality "1"]
[TimeControl "40/5400+30:1800+30"]

1. d4 Nf6 2. c4 e6 3. Nf3 c5 4. g3 cxd4 5. Nxd4 d5 6. Bg2 e5 7. Nf3 d4 8. O-O Nc6 9. e3 Be7 10. exd4 exd4 11. Re1 O-O 12. Bf4 Be6 13. Nbd2 Qb6 14. Qb3 Nd7 15. Qb5 Rfe8 16. Rad1 Nc5 17. Nb3 Nxb3 18. axb3 Bc5 19. Ng5 Bg4 20. Bd5 Bh5 21. g4 Bg6 22. h4 h6 23. Rxe8+ Rxe8 24. h5 Bxh5 25. Qxb6 Bxb6 26. gxh5 hxg5 27. Bxg5 Re5 28. Bd2 Rxh5 29. Re1 g6 30. b4 Re5 31. Rxe5 Nxe5 32. c5 Bc7 33. Kf1 b6 34. Ke2 Kf8 35. Bf4 Ke7 36. Bg3 f5 37. Bh4+ Kd7 38. Bf6 d3+ 39. Kd2 Ng4 40. Bh4 Bf4+ 41. Kxd3 g5 42. Bg3 Be5 43. f3 Bxg3 44. fxg4 fxg4 45. cxb6 axb6 46. b5 Kd6 1/2-1/2

[Event "Marienbad B1-IM 2024"]
[Site "Marianske Lazne"]
[Date "2024.01.18"]
[Round "7.13"]
[White "Dobrowolski, Piotr"]
[Black "Rasmussen, Casper"]
[Result "1-0"]
[ECO "C43"]
[WhiteElo "2401"]
[BlackElo "2265"]
[Annotator "TA"]
[PlyCount "81"]
[EventDate "2024.01.10"]
[EventType "tourn"]
[EventCountry "CZE"]
[SourceTitle "playchess.com"]
[Source "ChessBase"]
[SourceQuality "1"]
[TimeControl "40/5400+30:1800+30"]

1. e4 e5 2. Nf3 Nf6 3. d4 Nxe4 4. dxe5 d5 5. Nbd2 Nxd2 6. Bxd2 {[%emt 0:00:37] C43: Petroff Defence: 3 d4.} Be7 7. Bd3 Bg4 8. h3 {[%emt 0:06:05] White is slightly better.} Bh5 9. O-O Nc6 10. Re1 O-O 11. c3 Qd7 {[%emt 0:11:44] [#]} 12. Qc2 $146 ({Predecessor:} 12. Bf4 Rae8 {½-½ Kastelic,M (2270)-Grosar,A (2417) SLO-chT 18th 2008 (9)}) 12... Bxf3 (12... Bg6 $14) 13. Bxh7+ $16 Kh8 {[%emt 0:00:04][%cal Og7g6] aiming for ...g6!} 14. Bf5 Qd8 {[%emt 0:07:45] ...Bh5 would be deadly.} 15. gxf3 Bc5 16. Qa4 {[%emt 0:12:37] Prevents Qh4. Qg4 is the strong threat. White is more active.} d4 17. Rad1 $1 g6 18. Bg4 Qh4 (18... Qe7 {was necessary.} 19. Qb3 Bb6) 19. c4 $2 (19. Bd7 $18 {is the precise move to win.}) 19... d3 20. Be3 Bb4 (20... d2 $16 21. Rxd2 (21. Bxc5 dxe1=B 22. Rxe1 Rfe8 $11) 21... Bb4) 21. Rf1 $18 Rad8 22. Kg2 (22. Bxa7 $2 {too greedy.} Ra8 23. Rxd3 Rxa7 $19) (22. Qb5 $18 {is more deadly.}) 22... f5 (22... Qe7 $16) 23. exf6 Qxf6 24. Qb5 Qe5 25. a3 Bd6 26. f4 (26. Qxb7 $2 Qh2#) (26. Rh1 $18) 26... Rxf4 $1 $14 {[%emt 0:00:35] And now ...Qe4+ would win.} (26... Qe4+ $2 27. Bf3 Qf5 28. Qxf5 (28. Qxb7 Na5 $16) 28... Rxf5 29. Rxd3 $18) 27. Qxe5+ Bxe5 28. Bxf4 Bxf4 29. Rfe1 d2 30. Re4 g5 {[%emt 0:02:49] [#]} ({Better is} 30... Rf8) 31. h4 $1 $16 Rd4 (31... Kg7 $16 {is a better defense.} 32. hxg5 Bxg5) 32. Rxd4 $18 Nxd4 33. hxg5 {[%emt 0:00:13][%mdl 4096] Endgame KRB-KBN} Kg7 34. Rh1 Kg6 35. Bd1 Kxg5 {[%emt 0:00:49] [#]} 36. Rh5+ $1 Kf6 37. Rd5 Ne6 38. Kf3 c6 39. Rd7 Ke5 40. Rxb7 Nd4+ 41. Kg4 {[%emt 0:30:11] Weighted Error Value: White=0.21 (precise) /Black=0.35} 1-0

[Event "Marienbad B1-IM 2024"]
[Site "Marianske Lazne"]
[Date "2024.01.18"]
[Round "7.14"]
[White "Hak, David"]
[Black "Ashwath, R.."]
[Result "1/2-1/2"]
[ECO "E04"]
[WhiteElo "2310"]
[BlackElo "2284"]
[Annotator "RC"]
[PlyCount "110"]
[EventDate "2024.01.10"]
[EventType "tourn"]
[EventCountry "CZE"]
[SourceTitle "playchess.com"]
[Source "ChessBase"]
[SourceQuality "1"]
[TimeControl "40/5400+30:1800+30"]

1. d4 Nf6 2. Nf3 d5 3. c4 e6 4. g3 dxc4 5. Bg2 c6 6. O-O b5 7. Ne5 Bb7 8. Nc3 a6 9. a4 Nd5 10. e4 Nxc3 11. bxc3 Nd7 12. f4 Qc7 13. Qg4 c5 14. axb5 cxd4 15. cxd4 axb5 16. Rxa8+ Bxa8 17. Nxd7 Qxd7 18. Be3 f5 19. exf5 exf5 20. Qe2 Bxg2 21. Qxg2 Be7 22. Qa8+ Bd8 23. Rb1 O-O 24. Qa6 Re8 25. Bf2 Bf6 26. Qxb5 Qxb5 27. Rxb5 Rc8 28. Kf1 c3 29. Rc5 Rxc5 30. dxc5 c2 31. Be3 Bd4 32. Bc1 Bxc5 33. Ke2 Kf7 34. h3 Ke6 35. Kd3 Kd5 36. g4 fxg4 37. hxg4 Be7 38. Kxc2 Ke4 39. f5 Bd6 40. Kd1 Bf4 41. Bb2 Be5 42. Bc1 Bf4 43. Bb2 Be5 44. Bc1 Kf3 45. g5 Kg4 46. f6 gxf6 47. gxf6 Bxf6 48. Bh6 Kh5 49. Be3 Kg6 50. Ke2 h5 51. Kf3 Kf5 52. Bf2 Bg5 53. Kg2 Kg4 54. Be1 h4 55. Bxh4 Bxh4 1/2-1/2

[Event "Marienbad B1-IM 2024"]
[Site "Marianske Lazne"]
[Date "2024.01.18"]
[Round "7.15"]
[White "Kulkarni Bhakti"]
[Black "Zdybel, Przemyslaw"]
[Result "0-1"]
[ECO "E00"]
[WhiteElo "2364"]
[BlackElo "2180"]
[Annotator "RC"]
[PlyCount "118"]
[EventDate "2024.01.10"]
[EventType "tourn"]
[EventCountry "CZE"]
[SourceTitle "playchess.com"]
[Source "ChessBase"]
[SourceQuality "1"]
[TimeControl "40/5400+30:1800+30"]

1. d4 Nf6 2. c4 e6 3. Bf4 Bb4+ 4. Nd2 b6 5. a3 Bxd2+ 6. Qxd2 Bb7 7. Nf3 d6 8. e3 Nbd7 9. Qc2 Qe7 10. O-O-O h6 11. h3 e5 12. Bh2 O-O 13. Be2 Be4 14. Qb3 Bh7 15. Rhe1 a5 16. a4 c6 17. Qa3 Ne4 18. dxe5 Nxf2 19. Rd4 Qe6 20. exd6 Qg6 21. e4 c5 22. Rd2 Qxe4 23. Qa2 Rfe8 24. Bg1 Qe3 25. Bxf2 Qxf2 26. Bd1 Qg3 27. Re7 Nf6 28. Qb3 Rxe7 29. dxe7 Qc7 30. Re2 Re8 31. Bc2 Bxc2 32. Kxc2 Nh5 33. Qb5 Rxe7 34. Rxe7 Qxe7 35. Qxb6 Qe4+ 36. Kd1 Nf4 37. Qd8+ Kh7 38. Nd2 Qxg2 39. Qxa5 Qe2+ 40. Kc2 Nd3 41. Kc3 f5 42. Qb6 Qe3 43. Kc2 Nb4+ 44. Kd1 Qg1+ 45. Ke2 Nc2 46. Kd3 Ne1+ 47. Ke2 Ng2 48. Qd6 Qe3+ 49. Kd1 Qe1+ 50. Kc2 Ne3+ 51. Kb3 Qd1+ 52. Ka3 Qxd2 53. Qxc5 Qd3+ 54. Kb4 f4 55. a5 f3 56. a6 f2 57. a7 f1=Q 58. a8=Q Qxc4+ 59. Qxc4 Qxc4+ 0-1

[Event "Marienbad B1-IM 2024"]
[Site "Marianske Lazne"]
[Date "2024.01.19"]
[Round "8.11"]
[White "Jurek, Josef"]
[Black "Zdybel, Przemyslaw"]
[Result "0-1"]
[ECO "A05"]
[WhiteElo "2242"]
[BlackElo "2180"]
[Annotator "RC"]
[PlyCount "144"]
[EventDate "2024.01.10"]
[EventType "tourn"]
[EventCountry "CZE"]
[SourceTitle "playchess.com"]
[Source "ChessBase"]
[SourceQuality "1"]
[TimeControl "40/5400+30:1800+30"]

1. Nf3 Nf6 2. b3 g6 3. Bb2 Bg7 4. g3 O-O 5. Bg2 d6 6. d4 Nbd7 7. O-O c6 8. Nbd2 d5 9. Re1 Nb6 10. e4 dxe4 11. Nxe4 Nxe4 12. Rxe4 Bf5 13. Re1 Bg4 14. h3 Bxf3 15. Qxf3 e6 16. Rad1 Nd5 17. c4 Nb6 18. h4 Qf6 19. Qe4 Rad8 20. Rd3 Rd7 21. Red1 Rfd8 22. Bc3 Qe7 23. Ba5 Re8 24. Qe3 Nc8 25. d5 exd5 26. cxd5 Qxe3 27. fxe3 b6 28. Be1 c5 29. g4 Nd6 30. Bf2 f5 31. gxf5 gxf5 32. Bf3 Be5 33. Kg2 b5 34. Rc1 c4 35. bxc4 bxc4 36. Rdd1 c3 37. Kh3 Rc7 38. Rc2 Nc4 39. d6 Nxd6 40. Be1 Nb5 41. Rd5 Na3 42. Rc1 c2 43. Bd2 Rg7 44. Rxe5 Rxe5 45. Bc3 Rb5 46. Rf1 Rc7 47. Bd2 Rb1 48. Bd5+ Kg7 49. Bc1 Rd7 50. e4 fxe4 51. Bb3 Rxb3+ 52. axb3 Rd1 53. Bb2+ Kg8 54. Rf4 c1=Q 55. Bxc1 Rxc1 56. Rxe4 Rc3+ 57. Kg4 Rxb3 58. Re7 a5 59. h5 Rb4+ 60. Kg5 Rb5+ 61. Kh6 Rb6+ 62. Kg5 h6+ 63. Kf5 Ra6 64. Rb7 a4 65. Rb8+ Kf7 66. Rb7+ Kf8 67. Rb8+ Ke7 68. Rb7+ Kd8 69. Rb8+ Kd7 70. Rg8 Nb5 71. Rg7+ Kc8 72. Rg6 Nc7 0-1

[Event "Marienbad B1-IM 2024"]
[Site "Marianske Lazne"]
[Date "2024.01.19"]
[Round "8.12"]
[White "Ashwath, R.."]
[Black "Kulkarni Bhakti"]
[Result "1/2-1/2"]
[ECO "B15"]
[WhiteElo "2284"]
[BlackElo "2364"]
[Annotator "RC"]
[PlyCount "50"]
[EventDate "2024.01.10"]
[EventType "tourn"]
[EventCountry "CZE"]
[SourceTitle "playchess.com"]
[Source "ChessBase"]
[SourceQuality "1"]
[TimeControl "40/5400+30:1800+30"]

1. e4 c6 2. d4 d5 3. Nc3 dxe4 4. Nxe4 Nf6 5. Nxf6+ exf6 6. c3 Bd6 7. Bd3 O-O 8. Qc2 Re8+ 9. Ne2 h5 10. O-O h4 11. h3 Be6 12. Be3 Nd7 13. Rfe1 Nf8 14. Rad1 Qd7 15. Nf4 g6 16. c4 Rad8 17. d5 Bxf4 18. dxe6 Nxe6 19. Bxg6 Nd4 20. Rxd4 Qxd4 21. Bxf7+ Kxf7 22. Qh7+ Kf8 23. Qh8+ Kf7 24. Qh7+ Kf8 25. Qh8+ Kf7 1/2-1/2

[Event "Marienbad B1-IM 2024"]
[Site "Marianske Lazne"]
[Date "2024.01.19"]
[Round "8.13"]
[White "Rasmussen, Casper"]
[Black "Hak, David"]
[Result "0-1"]
[ECO "A45"]
[WhiteElo "2265"]
[BlackElo "2310"]
[Annotator "RC"]
[PlyCount "116"]
[EventDate "2024.01.10"]
[EventType "tourn"]
[EventCountry "CZE"]
[SourceTitle "playchess.com"]
[Source "ChessBase"]
[SourceQuality "1"]
[TimeControl "40/5400+30:1800+30"]

1. d4 Nf6 2. g3 g6 3. Bg2 Bg7 4. e4 d6 5. Nc3 O-O 6. Nge2 Nbd7 7. h3 c6 8. O-O e5 9. Be3 Re8 10. a4 Qa5 11. g4 exd4 12. Bxd4 Nc5 13. Ng3 Qb4 14. Re1 Ne6 15. Be3 Qxb2 16. Nce2 d5 17. exd5 Nxd5 18. Bxd5 cxd5 19. c3 Rd8 20. Qd3 Qb3 21. Reb1 Qc4 22. Qxc4 dxc4 23. Rb4 b6 24. a5 Bf8 25. Rbb1 Bb7 26. axb6 axb6 27. Bxb6 Rxa1 28. Rxa1 Rd3 29. Be3 Bd6 30. Nf1 Be5 31. Nd2 Bd5 32. Ra4 g5 33. Rxc4 Bxc4 34. Nxc4 Bxc3 35. Nxc3 Rxc3 36. Nd6 Rb3 37. Nf5 f6 38. h4 gxh4 39. Kh2 Ng5 40. Nxh4 Kf7 41. Nf5 Rb1 42. Nd4 Ne4 43. Kg2 Nc3 44. Nf5 Nd5 45. Bd4 Rb3 46. f3 Nf4+ 47. Kf2 Nh3+ 48. Kg3 Ng5 49. Be3 Ra3 50. f4 Ne6 51. Kf2 Nc7 52. Nd4 Nd5 53. Bd2 Ra2 54. Ke1 Ra4 55. Ne2 Ra1+ 56. Nc1 Nb6 57. f5 Nc4 58. Bf4 Ne5 0-1

[Event "Marienbad B1-IM 2024"]
[Site "Marianske Lazne"]
[Date "2024.01.19"]
[Round "8.14"]
[White "Ochedzan, Tymon"]
[Black "Dobrowolski, Piotr"]
[Result "1/2-1/2"]
[ECO "C41"]
[WhiteElo "2166"]
[BlackElo "2401"]
[Annotator "RC"]
[PlyCount "105"]
[EventDate "2024.01.10"]
[EventType "tourn"]
[EventCountry "CZE"]
[SourceTitle "playchess.com"]
[Source "ChessBase"]
[SourceQuality "1"]
[TimeControl "40/5400+30:1800+30"]

1. e4 e5 2. Nf3 d6 3. d4 exd4 4. Nxd4 Nf6 5. Nc3 Be7 6. f3 O-O 7. Be3 d5 8. e5 Nfd7 9. f4 Nb6 10. Nb3 c6 11. Bd3 Nc4 12. Bxc4 dxc4 13. Nd2 Be6 14. O-O f5 15. exf6 Bxf6 16. Qe2 Qa5 17. Bf2 Re8 18. Nce4 Nd7 19. Nxc4 Qa6 20. Ned6 Bxc4 21. Qxc4+ Qxc4 22. Nxc4 Re4 23. Rad1 Nf8 24. b3 Rxf4 25. Na5 Re4 26. Rfe1 Rxe1+ 27. Bxe1 Re8 28. Nxb7 Re2 29. Bd2 Bd4+ 30. Kh1 Ng6 31. Nd6 Bc5 32. Nf5 Bf2 33. h3 h5 34. g3 h4 35. g4 Bg3 36. Nd4 Rh2+ 37. Kg1 Ne5 38. b4 Rxh3 39. Rf1 Rh2 40. Bf4 Nxg4 41. Bxg3 hxg3 42. Rf3 Rd2 43. Nxc6 Rxc2 44. Ne7+ Kh7 45. Rxg3 Nh6 46. a4 Rc7 47. Nd5 Rb7 48. Kf2 Nf5 49. Rg5 Ne7 50. b5 Kh6 51. Re5 Nxd5 52. Rxd5 g5 53. Kg3 1/2-1/2

[Event "Marienbad B1-IM 2024"]
[Site "Marianske Lazne"]
[Date "2024.01.19"]
[Round "8.15"]
[White "Ni, Viktorija"]
[Black "Lima, Stefan Moisei VIeira"]
[Result "1-0"]
[ECO "D85"]
[WhiteElo "2138"]
[BlackElo "2173"]
[Annotator "NA RC"]
[PlyCount "71"]
[EventDate "2024.01.10"]
[EventType "tourn"]
[EventCountry "CZE"]
[SourceTitle "playchess.com"]
[Source "ChessBase"]
[SourceQuality "1"]
[TimeControl "40/5400+30:1800+30"]

1. d4 Nf6 2. c4 g6 3. Nc3 d5 4. cxd5 Nxd5 5. e4 Nxc3 6. bxc3 Bg7 7. Nf3 c5 8. Bb5+ Bd7 9. Bxd7+ Qxd7 10. O-O O-O 11. Be3 Qc7 12. Qd2 Rd8 13. Rac1 Nc6 14. d5 e6 15. c4 b6 16. h3 e5 17. Bh6 Na5 18. Bxg7 Kxg7 19. Nh2 f6 20. Ng4 g5 21. h4 h6 22. Qe2 Nb7 23. Rc3 Nd6 24. Rf3 Rf8 25. Rc1 Rf7 26. hxg5 hxg5 27. Rh3 Rh8 28. Rcc3 Rff8 29. Rcf3 Qe7 30. Rxh8 Kxh8 31. Rh3+ Kg7 32. Rh6 b5 33. Qe3 f5 34. Re6 Qd8 35. Nxe5 Nxe4 36. Rg6+ 1-0

[Event "Marienbad B1-IM 2024"]
[Site "Marianske Lazne"]
[Date "2024.01.20"]
[Round "9.11"]
[White "Lima, Stefan Moisei VIeira"]
[Black "Jurek, Josef"]
[Result "1-0"]
[ECO "A37"]
[WhiteElo "2173"]
[BlackElo "2242"]
[Annotator "RC"]
[PlyCount "117"]
[EventDate "2024.01.10"]
[EventType "tourn"]
[EventCountry "CZE"]
[SourceTitle "playchess.com"]
[Source "ChessBase"]
[SourceQuality "1"]
[TimeControl "40/5400+30:1800+30"]

1. c4 c5 2. g3 g6 3. Bg2 Bg7 4. Nf3 Nc6 5. Nc3 e6 6. d4 cxd4 7. Nb5 d5 8. Qa4 Nge7 9. cxd5 exd5 10. O-O O-O 11. Nbxd4 Bd7 12. Qd1 Re8 13. Be3 Nf5 14. Nxf5 Bxf5 15. Qd2 d4 16. Bg5 Qb6 17. Rfe1 Nb4 18. Nh4 Be4 19. Bxe4 Rxe4 20. Nf3 Rae8 21. a3 Nc6 22. Bh6 Bh8 23. Rac1 Qb5 24. Rc2 Qh5 25. b4 d3 26. exd3 Rxe1+ 27. Nxe1 Nd4 28. Qe3 Qb5 29. Qd2 Nxc2 30. Nxc2 Rd8 31. d4 Qc4 32. Be3 Bf6 33. Kg2 Rc8 34. Ne1 a6 35. Nf3 Rd8 36. Bg5 Bxg5 37. Qxg5 Qd5 38. Qe3 a5 39. g4 axb4 40. axb4 Qd6 41. Qg5 Kg7 42. h4 h6 43. Qd2 Re8 44. g5 hxg5 45. Nxg5 Qd5+ 46. f3 Rd8 47. Qf4 Qf5 48. Qe3 Rc8 49. Kg3 Rc4 50. Ne4 Qd5 51. Qf4 Qxd4 52. h5 Qg1+ 53. Kh3 Qh1+ 54. Kg3 Rc6 55. Qe5+ Kh7 56. Ng5+ Kg8 57. Qe8+ Kg7 58. Qxf7+ Kh6 59. Qf8+ 1-0

[Event "Marienbad B1-IM 2024"]
[Site "Marianske Lazne"]
[Date "2024.01.20"]
[Round "9.12"]
[White "Dobrowolski, Piotr"]
[Black "Ni, Viktorija"]
[Result "1-0"]
[ECO "D70"]
[WhiteElo "2401"]
[BlackElo "2138"]
[Annotator "RC"]
[PlyCount "119"]
[EventDate "2024.01.10"]
[EventType "tourn"]
[EventCountry "CZE"]
[SourceTitle "playchess.com"]
[Source "ChessBase"]
[SourceQuality "1"]
[TimeControl "40/5400+30:1800+30"]

1. d4 Nf6 2. c4 g6 3. Nf3 Bg7 4. g3 O-O 5. Bg2 d6 6. Nc3 Re8 7. O-O Bd7 8. e4 e5 9. d5 a5 10. b3 Na6 11. Rb1 Nc5 12. Re1 c6 13. dxc6 Bxc6 14. Bg5 h6 15. Bxf6 Qxf6 16. Bh3 Red8 17. Kg2 Bf8 18. a3 b6 19. Nd5 Bxd5 20. cxd5 a4 21. b4 Nb3 22. Nd2 Nd4 23. Nf3 Nb3 24. Nd2 Nd4 25. Rc1 Ra7 26. Nf3 Nb3 27. Rc6 Rb8 28. Re3 h5 29. Rec3 Qe7 30. Kg1 Kh7 31. Bf1 Bg7 32. h4 Bh6 33. Bd3 Qd8 34. Bc2 Nd4 35. Nxd4 exd4 36. Rf3 Bg7 37. Bxa4 b5 38. Bc2 Rba8 39. Kg2 Kg8 40. Qc1 Kh7 41. Bd3 Qe7 42. Bxb5 Qxe4 43. a4 Qxd5 44. Qc4 Qe5 45. Rc8 d5 46. Qc6 Rxc8 47. Qxc8 Rc7 48. Qb8 Qe7 49. Qe8 Qe4 50. Bc6 Re7 51. Qa8 Re5 52. Qa6 Re6 53. Qb5 Rd6 54. Bb7 Qe5 55. a5 Qe4 56. Qd3 Qe1 57. a6 Qxb4 58. Qa3 Qxa3 59. Rxa3 d3 60. Rxd3 1-0

[Event "Marienbad B1-IM 2024"]
[Site "Marianske Lazne"]
[Date "2024.01.20"]
[Round "9.13"]
[White "Hak, David"]
[Black "Ochedzan, Tymon"]
[Result "1/2-1/2"]
[ECO "E11"]
[WhiteElo "2310"]
[BlackElo "2166"]
[Annotator "RC"]
[PlyCount "103"]
[EventDate "2024.01.10"]
[EventType "tourn"]
[EventCountry "CZE"]
[SourceTitle "playchess.com"]
[Source "ChessBase"]
[SourceQuality "1"]
[TimeControl "40/5400+30:1800+30"]

1. d4 Nf6 2. Nf3 e6 3. c4 Bb4+ 4. Nbd2 Be7 5. g3 O-O 6. Bg2 c5 7. O-O Nc6 8. dxc5 Bxc5 9. Nb3 Be7 10. Nbd4 d5 11. cxd5 Nxd4 12. Nxd4 Nxd5 13. Qb3 Qb6 14. Rd1 Rd8 15. e4 Bc5 16. Ne2 Nb4 17. Rxd8+ Qxd8 18. Be3 Bxe3 19. fxe3 Nc6 20. Rd1 Qb6 21. Qd3 Bd7 22. Qc3 Be8 23. Nf4 Rd8 24. Rxd8 Qxd8 25. e5 Qg5 26. Bxc6 Bxc6 27. Qd4 h5 28. Kf2 h4 29. Ne2 hxg3+ 30. hxg3 Qf5+ 31. Ke1 Bd5 32. Nc3 Qf3 33. Qf4 Qh1+ 34. Qf1 Qxf1+ 35. Kxf1 Kh7 36. Ke2 Kg6 37. Kd3 Kg5 38. Nxd5 exd5 39. Kd4 Kg4 40. Kxd5 Kxg3 41. Kd6 Kf3 42. Ke7 Ke4 43. Kxf7 Kxe5 44. Kxg7 Ke4 45. Kf6 Kxe3 46. Ke5 Kd3 47. Kd6 Kc2 48. Kc7 Kxb2 49. a4 Ka3 50. a5 Kb4 51. Kxb7 Kxa5 52. Kxa7 1/2-1/2

[Event "Marienbad B1-IM 2024"]
[Site "Marianske Lazne"]
[Date "2024.01.20"]
[Round "9.14"]
[White "Kulkarni Bhakti"]
[Black "Rasmussen, Casper"]
[Result "1-0"]
[ECO "A35"]
[WhiteElo "2364"]
[BlackElo "2265"]
[Annotator "RC"]
[PlyCount "155"]
[EventDate "2024.01.10"]
[EventType "tourn"]
[EventCountry "CZE"]
[SourceTitle "playchess.com"]
[Source "ChessBase"]
[SourceQuality "1"]
[TimeControl "40/5400+30:1800+30"]

1. Nf3 Nf6 2. c4 c5 3. Nc3 Nc6 4. e3 e6 5. d4 d5 6. a3 a6 7. dxc5 Bxc5 8. b4 Be7 9. cxd5 exd5 10. Be2 O-O 11. O-O Bg4 12. Bb2 Qd7 13. Rc1 Rad8 14. Re1 Rfe8 15. h3 Bh5 16. Qb3 Bxf3 17. Bxf3 Ne5 18. Bxd5 Nxd5 19. Red1 Qe6 20. Nxd5 Bf8 21. e4 Ng6 22. Qe3 Bd6 23. Re1 Bb8 24. Nc7 Bxc7 25. Rxc7 Rd7 26. Rec1 Red8 27. Rxd7 Qxd7 28. f4 Re8 29. f5 Ne5 30. Rc5 Nd3 31. Rd5 Qxd5 32. Qg3 Qe5 33. Bxe5 Nxe5 34. f6 Ng6 35. fxg7 Kxg7 36. Qg4 Re5 37. Qd7 b5 38. Qd4 Kg8 39. Kf2 h6 40. g4 Re6 41. Kg3 Ne5 42. Kf4 Ng6+ 43. Ke3 Ne5 44. Qc3 Kh7 45. Qc7 Kg7 46. Kd4 Nc6+ 47. Kc5 Ne5 48. Qd8 Ng6 49. Qd4+ Kh7 50. h4 Ne7 51. Qd7 Kg7 52. Qxe6 fxe6 53. Kb6 Kf6 54. Kxa6 Ke5 55. Kxb5 Kxe4 56. Kc5 Kf4 57. b5 Nc8 58. a4 e5 59. a5 e4 60. b6 Nd6 61. a6 e3 62. b7 e2 63. b8=Q e1=Q 64. Qxd6+ Kxg4 65. Qd4+ Kh5 66. a7 Qe7+ 67. Kb5 Qe8+ 68. Ka5 Qe1+ 69. Ka6 Qe2+ 70. Kb6 Qe6+ 71. Kb5 Qe2+ 72. Kb4 Qe1+ 73. Ka4 Qe4 74. Qb4 Qc2+ 75. Kb5 Qe2+ 76. Qc4 Qe8+ 77. Qc6 Qe2+ 78. Kb6 1-0